 Dungeon Crawl Stone Soup version 0.30-a0-652-gcc886f7154 (webtiles) character file.

Game seed: 3465388341655763145

198 wormed the Ducker (level 5, -9/25 HPs)
             Began as a Felid Chaos Knight on Jan 18, 2023.
             Was a Plaything of Xom.
             Killed by nerve-wracking pain
             ... invoked by an orc priest
              (13 damage)
             ... on level 5 of the Dungeon.
             The game lasted 00:04:52 (2887 turns).

wormed the Ducker (Felid Chaos Knight)              Turns: 2887, Time: 00:04:52

Health: -9/25      AC:  2    Str:  6    XL:     5   Next: 47%
Magic:  9/9        EV: 19    Int: 16    God:    Xom [..*...]
Gold:   170        SH:  0    Dex: 15    Spells: 8/8 levels left
                                        Lives:  0   Deaths: 1

rFire   . . .      SeeInvis +      - Unarmed
rCold   . . .      Faith    .    (shield unavailable)
rNeg    . . .      Spirit   .    (body armour unavailable)
rPois   .          Reflect  .    (helmet unavailable)
rElec   .          Harm     .    (cloak unavailable)
rCorr   .          Rampage  .    (gloves unavailable)
Will    .....                    (boots unavailable)
Stlth   +++                      (no amulet)
HPRegen 0.24/turn                (no ring)
MPRegen 0.11/turn                (no ring)

@: mighty, quick
A: very small, claws 1, fangs 3, see invisible, speed 1, shaggy fur 2, stealthy
paws, no weapons or thrown items, no armour, multi-lived, mutation resistance 1,
weak 1
a: Renounce Religion


You were on level 5 of the Dungeon.
You worshipped Xom.
You were a toy of Xom.
You visited 1 branch of the dungeon, and saw 5 of its levels.
You also visited: Ossuary.

You collected 196 gold pieces.
You spent 26 gold pieces at shops.

Inventory:

Scrolls
 d - 3 scrolls of teleportation
 j - a scroll of identify
Potions
 b - a potion of lignification {unknown}
 c - a potion of berserk rage
 e - a potion of ambrosia
 g - a potion of might
 i - 2 potions of haste {unknown}
 k - 2 potions of attraction {unknown}
 l - a potion of degeneration {unknown}
 n - a potion of brilliance {unknown}
 o - a potion of heal wounds {unknown}
 p - a potion of flight {unknown}
Miscellaneous
 a - a piece from Xom's chessboard (15/15) (quivered)


   Skills:
 + Level 4.2 Fighting
 + Level 4.9 Dodging
 + Level 3.9 Stealth
 + Level 4.1 Unarmed Combat
 + Level 2.3 Spellcasting


You had 8 spell levels left.
You didn't know any spells.
Your spell library contained the following spells:

 Spells                   Type           Power      Damage    Failure   Level
 Ignite Poison            Fire/Tmut/Pois 1%         N/A       52%         3
 Kindle Blastsparks       Fire/Tloc/Air  2%         2d10      52%         3
 Fulminant Prism          Conj/Hex       0%         3d5       89%         4
 Iskenderun's Mystic Bla  Conj/Tloc      1%         2d3       89%         4
 Sticky Flame             Conj/Fire      1%         2d3       89%         4
 Lee's Rapid Deconstruct  Erth           0%         3d4*      99%         5
 Ignition                 Fire           0%         3d3       100%        8


Dungeon Overview and Level Annotations

Branches:
Dungeon (5/15)            Ossuary (visited)
 Temple: D:4-7

Altars:
Wu Jian

Shops:
D:1 *

Annotations:
D:2 Robin
D:4 3 runed translucent doors, HilariousDeathArtist's ghost, amateur KoBe


Innate Abilities, Weirdness & Mutations

You have sharp claws.
You have razor-sharp teeth.
You have supernaturally acute eyesight. (SInv)
You cover ground quickly. (Speed+)
You are covered in thick fur. (AC +2)
Your paws help you pounce on unaware monsters.
You are incapable of wielding weapons or throwing items.
You cannot wear armour.
You gain extra lives every three experience levels.
You are somewhat resistant to further mutation.
You are weak. (Str -2)


Message History

The orc priest mumbles some strange prayers to Beogh against you.
Pain shoots through your body!
* * * LOW HITPOINT WARNING * * *
An orc wizard comes into view.
It is wielding a +0 dagger and carrying a wand of digging (3).
The orc priest completely misses your butterfly.
You are confused.
You feel invigorated.
An orc wizard comes into view. It is wielding a +0 dagger.
Are you sure you want to stumble around while confused and next to your butterfly? [Y]es or [N]o only, please.
Are you sure you want to stumble around while confused and next to your butterfly?
Okay, then.
The orc wizard mumbles some strange words.
The orc wizard flickers and vanishes for a moment.
Are you sure you want to stumble around while confused and next to your butterfly? [Y]es or [N]o only, please.
Are you sure you want to stumble around while confused and next to your butterfly? [Y]es or [N]o only, please.
Are you sure you want to stumble around while confused and next to your butterfly?
Okay, then.
You feel less invigorated.
You feel less confused. The orc priest closely misses you.
The orc priest hits your butterfly with a +0 hand axe.
Your butterfly dies!
Your butterfly disappears in a puff of smoke!
The orc wizard hits you but does no damage.
The orc wizard casts a spell at you.
The puff of flame misses the orc wizard.
The puff of flame hits you!
* * * LOW HITPOINT WARNING * * *
"Go forth and destroy!"
You feel very mighty all of a sudden. The orc wizard casts a spell at you.
The magic dart hits the orc wizard!
The orc priest mumbles some strange prayers to Beogh against you.
Pain shoots through your body!
Ouch! That really hurt!
You die...
Xom giggles madly!

....#...#########
...o###.######
.............#
.............#
.......o.....#
....####.....#
.... ##....# ###
##o..+ #@o§#
#...# #§..# #...#
#...# #####


You could see an orc priest and 2 orc wizards.

Vanquished Creatures
  2 water moccasin zombies (Ossuary)
  A jelly (D:5)
  3 iguanas (D:5)
  2 mummies (Ossuary)
  2 adders
  6 adder zombies (Ossuary)
  A dart slug (D:3)
  A ball python (D:1)
  4 endoplasms
  3 giant cockroaches
  5 gnoll zombies (Ossuary)
  16 goblins
  9 hobgoblins
  A kobold (D:4)
  2 quokkas
  A bat (D:3)
  2 frilled lizards (D:1)
  7 hobgoblin zombies (Ossuary)
  5 kobold zombies (Ossuary)
  3 orc zombies (Ossuary)
  6 rats
82 creatures vanquished.

Notes
Turn   | Place    | Note
-------+----------+-------------------------------------------
     0 | D:1      | wormed the Felid Chaos Knight began the quest for the Orb.
     0 | D:1      | Reached XP level 1. HP: 10/10 MP: 2/2
   236 | D:1      | Found Qauz's Assorted Antiques.
   240 | D:1      | Reached skill level 1 in Stealth
   240 | D:1      | Reached XP level 2. HP: 12/14 MP: 3/3
   527 | D:1      | Bought a scroll labelled HISOIL BYMINE for 26 gold pieces
   615 | D:1      | XOM: give mutations
   615 | D:1      | Gained mutation: You are somewhat resistant to further
                  | mutation. [Xom's mischief]
   615 | D:1      | Gained mutation: You are weak. (Str -2) [Xom's mischief]
   929 | D:2      | Noticed Robin
   930 | D:2      | XOM: summons 2 hostile demons
  1206 | D:2      | XOM: noise
  1210 | D:2      | Reached XP level 3. HP: 17/17 MP: 5/5
  1318 | D:2      | Reached skill level 1 in Spellcasting
  1467 | D:3      | XOM is BORED!
  1467 | D:3      | XOM: stat loss: -1 Int (14/15)
  1920 | D:3      | Found an ornate altar of the Wu Jian Council.
  2028 | D:3      | XOM: god gift: 6 gold pieces
  2176 | D:4      | Noticed a black bear
  2224 | D:4      | Reached XP level 4. HP: 20/21 MP: 6/6
  2261 | D:4      | XOM: fog
  2264 | D:4      | Noticed HilariousDeathArtist's ghost (amateur KoBe)
  2264 | D:4      | Noticed a scorpion
  2269 | D:4      | Found a runed translucent gate.
  2269 | D:4      | Found a runed translucent gate.
  2269 | D:4      | Found a runed translucent gate.
  2304 | D:5      | Entered Level 5 of the Dungeon
  2308 | D:5      | XOM: noise
  2313 | D:5      | XOM: silly message
  2318 | D:5      | XOM: enchant monster (bad)
  2326 | D:5      | Reached XP level 5. HP: 10/25 MP: 6/8
  2425 | D:5      | Found a sand-covered staircase.
  2430 | Ossuary  | Entered an ossuary
  2559 | Ossuary  | XOM: confuse monster(s)
  2570 | Ossuary  | Gained mutation: You are covered in thick fur. (AC +2)
                  | [Felid growth]
  2570 | Ossuary  | Reached XP level 6. HP: 12/28 MP: 10/10
  2746 | Ossuary  | Slain by a mummy
  2747 | Ossuary  | Reached XP level 5. HP: 0/37 MP: 9/9
  2769 | Ossuary  | XOM: divination: detect creatures
  2863 | D:5      | XOM: silly message
  2865 | D:5      | XOM: butterfly on damage
  2882 | D:5      | HP: 1/25 [orc priest/nerve-wracking pain (9)]
  2887 | D:5      | XOM: potion effect (might)
  2887 | D:5      | Killed from afar by an orc priest

Illustrated notes

Levels and vault maps discovered:
D:1:      dreamdust_arrival_beginning_and_end, layout_basic, serial_shops,
          nicolae_shop_hallway_stairs, minmay_tromino_v4_b
D:2:      layout_rooms, uniq_robin
D:3:      layout_loops_ring, nicolae_wu_jian_glorious_leap
D:4:      cheibrodos_barr_body, layout_cave_pools, gammafunk_ghost_split
D:5:      layout_basic, fedhas_altar_2, enter_ossuary_5

Skill      XL: |  1  2  3  4  5 |
---------------+----------------+-----
Stealth        | 1 2 3 |  3.9
Spellcasting   | 1 2 |  2.3
Dodging        | 4 |  4.9
Fighting       | 4 |  4.2
Unarmed Combat | 4 |  4.1

Action                   |  1- 3 |  4- 6 || total
-------------------------+-------+-------++-------
Melee: Unarmed           |   102 |   159 ||   261
       Bite              |    10 |    20 ||    30
       Punch             |     2 |     6 ||     8
  Use: Scroll            |     8 |     2 ||    10
       Potion            |       |     5 ||     5
 Stab: Sleeping          |     6 |     3 ||     9
Armor: Skin              |     6 |     5 ||    11
Dodge: Dodged            |    59 |   102 ||   161

Table legend: (Time is in decaauts)
 A = Elapsed time spent in this place.
 B = Non-inter-level travel time spent in this place.
 C = Inter-level travel time spent in this place.
 D = Time resting spent in this place.
 E = Time spent auto-exploring this place.
 F = Levels seen in this place.
 G = Mean time per level.
                   A        B        C        D        E       F      G
               +--------+--------+--------+--------+--------+-----+--------+
         Total |   2470 |   2309 |    161 |     64 |   1659 |   6 |  411.7 |
       Dungeon |   2086 |   1925 |    161 |     34 |   1464 |   5 |  417.2 |
       Ossuary |    383 |    383 |      0 |     29 |    195 |   1 |  383.0 |
               +--------+--------+--------+--------+--------+-----+--------+

Top non-repeatable levels by time:
     D:1: 784 daAuts
     D:3: 691 daAuts
 Ossuary: 383 daAuts
     D:2: 353 daAuts
     D:5: 169 daAuts
     D:4: 87 daAuts
